 Dungeon Crawl Stone Soup version 0.22-a0-271-gc000056 (webtiles) character file.

1239 varam the Destroyer (level 8, 0/41 HPs)
             Began as a Deep Elf Fire Elementalist on Mar 11, 2018.
             Was a Believer of Makhleb.
             Slain by an orc wizard
             ... wielding a +0 dagger
              (4 damage)
             ... on level 6 of the Dungeon.
             The game lasted 00:19:51 (5992 turns).

varam the Destroyer (Deep Elf Fire Elementalist)    Turns: 5992, Time: 00:19:52

Health: 0/41       AC:  3    Str:  7    XL:     8   Next: 25%
Magic:  1/16       EV: 13    Int: 21    God:    Makhleb [**....]
Gold:   132        SH:  0    Dex: 15    Spells: 2/15 levels left

rFire    . . .     SeeInvis .   n - +0 dagger (venom)
rCold    . . .     Gourm    .   (no shield)
rNeg     . . .     Faith    .   a - +0 robe
rPois    +         Spirit   .   (no helmet)
rElec    .         Reflect  .   v - +0 cloak
rCorr    .         Harm     .   (no gloves)
MR       .....                  (no boots)
Stlth    ++........             (no amulet)
HPRegen  0.13/turn              p - ring of poison resistance (curse)
MPRegen  0.15/turn              (no ring)

@: about to teleport, very slightly contaminated
A: no striking features
a: Minor Destruction, Renounce Religion


You were on level 6 of the Dungeon.
You worshipped Makhleb.
Makhleb was pleased with you.
You were not hungry.

You visited 2 branches of the dungeon, and saw 7 of its levels.

You collected 132 gold pieces.

Inventory:

Hand Weapons
 e - a +0 dagger
 g - a +0 short sword
 n - a +0 dagger of venom (weapon)
 w - the +7 hunting sling of Amortisation {flame, +Blink Int-5 SInv}
   (You found it on level 4 of the Dungeon)

   It causes projectiles fired from it to burn those they strike, causing extra
   injury to most foes and up to half again as much damage against particularly
   susceptible opponents.
   It affects your intelligence (-5).
   It lets you see invisible.
   It lets you blink.
Missiles
 d - 2 needles of sleeping
 i - 34 sling bullets
Armour
 a - a +0 robe (worn)
 v - a +0 cloak (worn)
Jewellery
 p - a cursed ring of poison resistance (left hand)
 u - an uncursed amulet of the gourmand {unknown}
 z - an uncursed ring of stealth {unknown}
 D - an uncursed amulet of regeneration {unknown}
Wands
 t - a wand of polymorph (7)
 C - a wand of iceblast (8)
Scrolls
 b - 3 scrolls of remove curse
 f - a scroll of random uselessness {unknown}
 h - a scroll of immolation {unknown}
 m - 2 scrolls of enchant armour {unknown}
 o - a scroll of magic mapping {unknown}
 q - 2 scrolls of amnesia {unknown}
 r - a scroll of identify {unknown}
 E - a scroll of fear {unknown}
Potions
 j - 2 potions of ambrosia {unknown}
 k - a potion of heal wounds {unknown}
 l - 2 potions of curing {unknown}
 s - 2 potions of magic {unknown}
 x - a potion of might {unknown}
 A - a potion of lignification {unknown}
 B - a potion of flight {unknown}
Comestibles
 c - 5 rations


   Skills:
 + Level 0.1 Fighting
 + Level 2.5 Dodging
 - Level 2.4 Stealth
 + Level 4.1 Spellcasting
 + Level 8.4 Conjurations
 + Level 6.7 Fire Magic
 + Level 2.2 Invocations


You had 2 spell levels left.
You knew the following spells:

 Your Spells              Type           Power        Failure   Level  Hunger
a - Flame Tongue          Conj/Fire      #####        1%          1    None
b - Conjure Flame         Conj/Fire      #####...     1%          3    ###....
c - Sticky Flame          Conj/Fire      #####...     5%          4    ####...
d - Fireball              Conj/Fire      #####.....   14%         5    ######.


Dungeon Overview and Level Annotations

Branches:
Dungeon (6/15)             Temple (1/1) D:4

Altars:
Ashenzari
Cheibriados
Dithmenos
Elyvilon
Fedhas
Gozag
Hepliaklqana
Kikubaaqudgha
Makhleb
Nemelex Xobeh
Okawaru
Qazlal
Ru
Sif Muna
Trog
Uskayaw
Wu Jian
Xom
Zin
The Shining One

Shops:
D:4 *   D:5 }


Message History

Makhleb accepts your kill. The orc hits you with a short sword.
You hit something.
The orc wizard gestures wildly while chanting.
The orc wizard flickers and vanishes!
The orc priest looks encouraged for a moment.
The orc closely misses you. Something hits you.
You hit the orc priest but do no damage.
The orc priest is poisoned.
The orc priest calls down the wrath of Beogh upon you.
Beogh smites you!
* * * LOW HITPOINT WARNING * * *
The orc barely misses you. Something hits you.
* * * LOW HITPOINT WARNING * * *
Okay, then.
As you read the scroll of teleportation, it crumbles to dust.
You feel strangely unstable. The orc priest hits you with a mace.
* * * LOW HITPOINT WARNING * * *
The orc misses you. Something hits you.
You die...

#.# #..(.. #.# #.##.#
##.## ###.##.######
#...## #####..........<#
#.###.###...........oo..#
.# ##.##.###.#.##.###..#
# ##.#.###.#.##.# #.[#
#.......#o##.#......
#.#.#####o@{?..#.....
#.##.# ####.###.##### #.#
#.# #.# #.# ..# #.# ###
#.# #.. ###


You could see an orc priest and an orc.

Vanquished Creatures
  Prince Ribbit (D:5)
  A water moccasin (D:5)
  Purgy (D:3)
  An ogre (D:4)
  2 centaurs
  A scorpion (D:4)
  3 killer bees
  A bullfrog skeleton (D:4)
  3 orc priests
  5 orc wizards
  2 iguanas
  A worker ant (D:4)
  4 adders
  2 oozes
  An adder skeleton (D:4)
  3 dart slugs
  A leopard gecko (D:2)
  7 orcs
  5 bats
  4 giant cockroaches
  2 goblins
  4 hobgoblins
  4 jackals (D:5)
  7 kobolds
  2 quokkas (D:2)
  6 frilled lizards
  A jackal skeleton (D:4)
  5 rats
80 creatures vanquished.

Notes
Turn   | Place    | Note
-------+----------+-------------------------------------------
     0 | D:1      | varam the Deep Elf Fire Elementalist began the quest for the Orb.
     0 | D:1      | Reached XP level 1. HP: 10/10 MP: 6/6
   864 | D:2      | Reached XP level 2. HP: 15/15 MP: 6/8
   936 | D:2      | Reached skill level 2 in Conjurations
  1153 | D:2      | Reached XP level 3. HP: 7/19 MP: 3/10
  1616 | D:2      | Found a faded altar of an unknown god.
  1619 | D:2      | Became a worshipper of Makhleb the Destroyer
  1619 | D:2      | Reached * piety under Makhleb
  1788 | D:2      | Found an ancient bone altar of Kikubaaqudgha.
  2059 | D:2      | Reached skill level 3 in Conjurations
  2219 | D:3      | Noticed Purgy
  2324 | D:2      | Learned a level 3 spell: Conjure Flame
  2380 | D:4      | Reached skill level 4 in Spellcasting
  2380 | D:4      | Reached skill level 4 in Fire Magic
  2380 | D:4      | Reached XP level 4. HP: 17/24 MP: 6/12
  2390 | D:4      | Learned a level 4 spell: Sticky Flame
  2722 | D:3      | Killed Purgy
  2722 | D:3      | Reached skill level 4 in Conjurations
  2722 | D:3      | Reached XP level 5. HP: 28/28 MP: 1/13
  2831 | D:3      | Reached ** piety under Makhleb
  3343 | D:4      | Found a staircase to the Ecumenical Temple.
  3364 | D:4      | Reached skill level 5 in Conjurations
  3364 | D:4      | Reached XP level 6. HP: 15/32 MP: 6/14
  3684 | D:4      | Reached skill level 5 in Fire Magic
  3825 | Temple   | Entered the Ecumenical Temple
  3971 | D:4      | Found Laizazuit's Elemental Accessories.
  4335 | D:4      | Got a steaming hunting sling
  4336 | D:4      | Identified the +7 hunting sling of Amortisation {flame, +Blink Int-5 SInv} (You found it on level 4 of the Dungeon)
  4454 | D:4      | Reached skill level 6 in Conjurations
  4544 | D:5      | Entered Level 5 of the Dungeon
  4574 | D:5      | Noticed Prince Ribbit
  4596 | D:5      | Killed Prince Ribbit
  4596 | D:5      | Reached XP level 7. HP: 16/36 MP: 0/15
  4740 | D:5      | Found an iron altar of Okawaru.
  4851 | D:5      | Reached skill level 7 in Conjurations
  4851 | D:5      | Reached skill level 6 in Fire Magic
  5188 | D:5      | Found a shimmering altar of Xom.
  5188 | D:5      | Found an ornate altar of the Wu Jian Council.
  5190 | D:5      | Found a snail-covered altar of Cheibriados.
  5344 | D:5      | Found a bloodstained altar of Trog.
  5471 | D:5      | Reached skill level 1 in Invocations
  5474 | D:5      | Found Hygymn's Gadget Shoppe.
  5769 | D:6      | Reached skill level 8 in Conjurations
  5769 | D:6      | Reached XP level 8. HP: 26/41 MP: 3/16
  5906 | D:6      | Reached skill level 2 in Invocations
  5916 | D:6      | Learned a level 5 spell: Fireball
  5992 | D:6      | HP: 4/41 [orc priest/mace (1)]
  5992 | D:6      | Slain by an orc wizard

Vault maps used:
D:1:      elethiomel_arrival_shortcut
D:2:      wad_pebble_path, kiku_gazebo_garden_becter,
          chequers_ecumenical_altar_simple
D:3:      first_ration, st_stairs_3, uniq_purgy
D:4:      minmay_temple_entry_glassed_door, nicolae_elemental_shop
D:5:      old_standard_altar, gammafunk_temple_overflow_forgotten, serial_shops,
          shop_fountains, bloody_trog, uniq_prince_ribbit1
D:6:      enter_ossuary_3, st_stairs_11, uniq_grinder
Temple:   regret_index_temple_waves

Skill      XL: |  1  2  3  4  5  6  7  8 |
---------------+-------------------------+-----
Conjurations   | 2 3 4 5 6 8 |  8.4
Spellcasting   | 4 |  4.1
Fire Magic     | 4 5 6 |  6.7
Invocations    | 1 2 |  2.2
Fighting       | |  0.1
Dodging        | |  2.5
Stealth        | |  2.4

Action                   |  1- 3 |  4- 6 |  7- 9 || total
-------------------------+-------+-------+-------++-------
Melee: Short sword       |     2 |       |       ||     2
       Dagger            |       |    22 |     5 ||    27
 Fire: Hunting sling     |       |     4 |     9 ||    13
 Cast: Flame Tongue      |    60 |    55 |    14 ||   129
       Conjure Flame     |       |     5 |     2 ||     7
       Sticky Flame      |       |     4 |    12 ||    16
  Use: Scroll            |       |     4 |     1 ||     5
 Stab: Sleeping          |     2 |     3 |       ||     5
  Eat: Chunk             |     4 |     5 |     4 ||    13
       Ration            |       |     1 |     1 ||     2
Armor: Robe              |     2 |     6 |     7 ||    15
Dodge: Dodged            |    10 |    39 |    27 ||    76

Table legend:
 A = Spawn XP
 B = Non-spawn XP
 C = Spawn XP percentage of total XP
 D = Spawn monster count
 E = Non-spawn monster count
 F = Spawn count percentage of total count
 G = Total turns spent on level
                    A         B        C        D         E        F      G
               +---------+---------+-------+---------+---------+-------+---------
         Total |       0 |    1771 |   0.0 |       0 |      80 |   0.0 |  5992
               +---------+---------+-------+---------+---------+-------+---------
           D:1 |       0 |      10 |   0.0 |       0 |       6 |   0.0 |   797
           D:2 |       0 |      77 |   0.0 |       0 |      21 |   0.0 |  1408
           D:3 |       0 |     160 |   0.0 |       0 |      15 |   0.0 |   935
           D:4 |       0 |     414 |   0.0 |       0 |      15 |   0.0 |  1266
           D:5 |       0 |     761 |   0.0 |       0 |      16 |   0.0 |  1323
           D:6 |       0 |     349 |   0.0 |       0 |       7 |   0.0 |   125
               +---------+---------+-------+---------+---------+-------+---------
